cohdb
Replays
Latest Replays
All Replays
Popular Replays
Top Player Replays
Match Explorer
How It Works
Community
CoH3 Stats
Reddit
Sign in to upload your games and track your stats! →
Sign in with Steam
Match 42085053
Unlisted
Match 42085053
Overview
Messages
Build Orders
End
Royal Engineer Section
Construct Section Command Post
Dingo Light Scout Car
Infantry Section
Infantry Section
Construct Platoon Command Post
Humber Armored Car
Selects Heavy Armor Battlegroup
Selects Engineer Detachments
Royal Engineer Section
6-pounder Anti-tank Gun Team
Infantry Training
Construct Field Infirmary
Royal Engineer Section
Royal Engineer Section
6-pounder Anti-tank Gun Team
Grenade Package
Construct Company Command Post
Crusader II Medium Tank
Selects Forward Repair Assembly
Crusader II Medium Tank
Royal Engineer Section
Crusader II Medium Tank
Selects Light Vehicle Withdraw and Refit
Selects Radio Net
Selects Recon Artillery
Armored Vehicle Training
6-pounder Anti-tank Gun Team
Recon Artillery
6-pounder Anti-tank Gun Team
Crusader II Medium Tank
Recon Artillery
HulkSMASH
FeriG
0
0
Comments
sign in to comment!
No comments posted yet!